 Dungeon Crawl Stone Soup version 0.29.1-1-gd02db6906a (webtiles) character file.

Game seed: 4131439532263668627

44 lonewolfV2 the Scratcher (level 3, 0/16 HPs)
             Began as a Felid Transmuter on Oct 17, 2022.
             Slain by a goblin
             ... wielding a +0 dagger
              (3 damage)
             ... on level 2 of the Dungeon.
             The game lasted 00:03:46 (2369 turns).

lonewolfV2 the Scratcher (Felid Transmuter)         Turns: 2369, Time: 00:03:46

Health: 0/16       AC:  1    Str:  6    XL:     3   Next: 41%
Magic:  6/7        EV: 18    Int: 16    God:
Gold:   70         SH:  0    Dex: 16    Spells: 5/6 levels left
                                        Lives:  0   Deaths: 0

rFire   . . .      SeeInvis +     - Unarmed
rCold   . . .      Faith    .   (shield unavailable)
rNeg    . . .      Spirit   .   (body armour unavailable)
rPois   .          Reflect  .   (helmet unavailable)
rElec   .          Harm     .   (cloak unavailable)
rCorr   .          Rampage  .   (gloves unavailable)
Will    .....                   (boots unavailable)
Stlth   +.........              (no amulet)
HPRegen 0.05/turn               (no ring)
MPRegen 0.10/turn               (no ring)

@: appendages, quick
A: horns 2, very small, claws 1, fangs 3, see invisible, speed 1, shaggy fur 1,
stealthy paws, no weapons or thrown items, no armour, multi-lived
a: End Transformation


You were on level 2 of the Dungeon.
You had temporarily grown beastly horns.
You visited 1 branch of the dungeon, and saw 2 of its levels.

You collected 70 gold pieces.

Inventory:

Jewellery
 b - a ring of flight
Scrolls
 f - a scroll of poison {unknown}
Potions
 a - 2 potions of lignification
 c - a potion of mutation {unknown}
 d - a potion of heal wounds {unknown}
 e - 2 potions of degeneration {unknown}


   Skills:
 + Level 1.7 Fighting
 + Level 3.2 Dodging
 + Level 3.3 Unarmed Combat
 + Level 2.3 Spellcasting
 + Level 2.7 Transmutations


You had 5 spell levels left.
You knew the following spells:

 Your Spells              Type           Power      Damage    Failure   Level
a - Beastly Appendage     Tmut           20%        N/A       6%          1

Your spell library contained the following spells:

 Spells                   Type           Power      Damage    Failure   Level
 Wereblood                Tmut           10%        N/A       10%         2
 Spider Form              Tmut/Pois      6%         N/A       34%         3
 Ice Form                 Ice/Tmut       6%         N/A       75%         4


Dungeon Overview and Level Annotations

Branches:
Dungeon (2/15)

Altars:


Innate Abilities, Weirdness & Mutations

You have temporarily grown beastly horns.
You have sharp claws.
You have razor-sharp teeth.
You have supernaturally acute eyesight. (SInv)
You cover ground quickly. (Speed+)
You are covered in fur. (AC +1)
Your paws help you pounce on unaware monsters.
You are incapable of wielding weapons or throwing items.
You cannot wear armour.
You gain extra lives every three experience levels.


Message History

The goblin completely misses you.
You scratch the goblin.
You kill the goblin!
Your transformation is almost over.
The dart slug launches a dart at you. The slug dart misses you.
A goblin comes into view. It is wielding a +0 dagger.
Things that are here:
a +0 club; a +0 short sword; a kobold corpse You scratch the dart slug.
You headbutt the dart slug.
The dart slug is heavily wounded.
The dart slug launches a dart at you. The slug dart misses you.
You scratch the dart slug.
The dart slug is almost dead.
The goblin closely misses you. The dart slug closely misses you.
You scratch the dart slug.
You kill the dart slug!
An endoplasm comes into view.
The goblin hits you with a +0 club.
You completely miss the goblin. You headbutt the goblin.
You kill the goblin!
The goblin barely misses you.
Items here: ! $ ))) †.
The goblin barely misses you.
You barely miss the goblin. You claw the goblin.
The goblin is severely wounded.
The goblin closely misses you.
You barely miss the goblin.
The goblin is severely wounded.
Your horns disappear.
The goblin hits you with a +0 dagger.
* * * LOW HITPOINT WARNING * * *
You barely miss the goblin. Your bite misses the goblin.
The goblin is severely wounded.
The goblin misses you.
Casting: Beastly Appendage (safe; 6% risk of failure)
Confirm with . or Enter, or press ? or * to list all spells.
You grow a pair of large bovine horns.
The goblin hits you with a +0 dagger.
You die...

..#.#.# #...#
......###<..#
#<........#
#######.#.###
#.#...# #.###.#
..###.##
####...#######...
#......@g.....#
#.#...###..##..#
#.##J.. .## #
#.#### .# ... J.
#... #. ##.. .#
## ..


You could see an endoplasm (wandering) and a goblin.

Vanquished Creatures
  4 dart slugs
  5 endoplasms (D:1)
  A giant cockroach (D:1)
  2 hobgoblins (D:1)
  4 kobolds
  2 quokkas (D:1)
  2 ball pythons (D:1)
  4 bats
  2 frilled lizards (D:1)
  5 goblins
  5 rats (D:1)
36 creatures vanquished.

Vanquished Creatures (others)
  A plant (D:1)
1 creature vanquished.

Grand Total: 37 creatures vanquished

Notes
Turn   | Place    | Note
-------+----------+-------------------------------------------
     0 | D:1      | lonewolfV2 the Felid Transmuter began the quest for the
                  | Orb.
     0 | D:1      | Reached XP level 1. HP: 9/9 MP: 4/4
   389 | D:1      | Reached XP level 2. HP: 12/12 MP: 6/6
   900 | D:1      | Found a faded altar of an unknown god.
  1220 | D:1      | Reached XP level 3. HP: 15/15 MP: 5/7
  2369 | D:2      | Slain by a goblin

Illustrated notes

Levels and vault maps discovered:
D:1:      zelgadis_glass_arrival_small, layout_basic,
          shapermc_ecumenical_altar_mp_ritualfount, roderic_lattice_a,
          hangedman_decor_clover_reticule, minmay_misc_feat_roman,
          minmay_misc_feat_iff, roderic_serpentine_path
D:2:      layout_loops_ring, minmay_pentomino_w4

Skill      XL: |  1  2 |
---------------+-------+-----
Dodging        | 3 |  3.2
Fighting       | |  1.7
Unarmed Combat | |  3.3
Spellcasting   | |  2.3
Transmutations | |  2.7

Action                   || total
-------------------------++-------
Melee: Unarmed           ||    85
       Headbutt          ||    15
       Bite              ||     7
       Punch             ||     3
 Cast: Beastly Appendage ||    21
  Use: Scroll            ||     1
 Stab: Sleeping          ||     2
Armor: Skin              ||    10
Dodge: Dodged            ||    94
